cohdb
Replays
Latest Replays
All Replays
Popular Replays
Top Player Replays
Match Explorer
How It Works
Community
CoH3 Stats
Reddit
Sign in to upload your games and track your stats! →
Sign in with Steam
Match 47352338
Unlisted
Match 47352338
Overview
Messages
Build Orders
End
Construct Section Command Post
Infantry Section
Infantry Section
Infantry Section
Infantry Section
Grenade Package
Construct Platoon Command Post
Selects Heavy Armor Battlegroup
Selects Heavy Armor Battlegroup
Humber Armored Car
Unlock M3 Stuart Light Tanks
M3 Stuart Light Tank
Construct Field Infirmary
M3 Stuart Light Tank
Selects Rigorous Vehicle Training
6-pounder Anti-tank Gun Team
Vickers Machine Gun Team
Infantry Section
Construct Company Command Post
Soud
『BlackBear』
0
0
Comments
sign in to comment!
No comments posted yet!